 Dungeon Sprint DCSS version 0.21.1-1-g345015f (webtiles) character file.

4440 doot the Bludgeoner (level 11, -5/120 HPs)
             Began as a Troll Berserker on June 6, 2018.
             Was the Champion of Trog.
             Slain by a ghoul (9 damage)
             ... in the Dungeon (Sprint VI: "Thunderdome").
             The game lasted 00:17:04 (1488 turns).

doot the Bludgeoner (Troll Berserker)               Turns: 1488, Time: 00:17:04

Health: -5/120     AC: 10    Str: 28    XL:     11   Next: 73%
Magic:  3/3        EV: 15    Int: 16    God:    Trog [******]
Gold:   896        SH:  4    Dex: 11    Spells: 10/10 levels left

rFire    + . .     SeeInvis .   t - +3 dire flail (antimagic)
rCold    . . .     Gourm    +   (shield currently unavailable)
rNeg     + + +     Faith    .   q - +0 troll leather armour
rPois    .         Spirit   .   (helmet restricted)
rElec    +         Reflect  +   w - +1 cloak of Untruth {Int+5}
rCorr    .         Harm     .   (gloves unavailable)
MR       .....     NoTele   +   (boots unavailable)
Stlth    +.........             n - amulet "Jor Meon" {Reflect +Inv rElec Int+6 SH+4}
HPRegen  1.10/turn              p - ring "Caoraegh" {rC+ MR+}
MPRegen  0.08/turn              o - ring "Zaohatol" {Fire +Inv rN+++ MR- Int+2}

@: no status effects
A: large, unfitting armour, claws 3, fast metabolism 3, gourmand, regeneration
1, shaggy fur 1, tough skin 2
}: 2/15 runes: serpentine, barnacled
a: Berserk, Trog's Hand, Brothers in Arms, Burn Spellbooks, Renounce Religion,
Evoke Invisibility


You were in the Dungeon.
You worshipped Trog.
Trog was exalted by your worship.
You were completely stuffed.

You visited 1 branch You collected 2850 gold pieces.
You spent 1954 gold pieces at shops.

Inventory:

Hand Weapons
 a - a +0 mace
 r - a +0 flail
 t - a +3 antimagic dire flail (weapon)
 y - a +2 dagger of draining
Missiles
 v - 8 javelins of returning (quivered)
Armour
 b - a +0 animal skin
 d - the +0 cloak of the Thoughtful Souls {rPois Regen+ rCorr Slay-3}
   (You bought it in a shop in the Dungeon)

   It affects your accuracy and damage with ranged weapons and melee attacks
   (-3).
   It protects you from poison.
   It increases your rate of regeneration.
   It protects you from acid and corrosion.
 q - a +0 troll leather armour (worn)
 u - the +1 hat of the Gusle {Int+7 Slay-5 SInv}
   (You bought it in a shop in the Dungeon)

   It affects your intelligence (+7).
   It affects your accuracy and damage with ranged weapons and melee attacks
   (-5).
   It lets you see invisible.
 w - the +1 cloak of Untruth (worn) {Int+5}
   (You bought it in a shop in the Dungeon)

   It affects your intelligence (+5).
Jewellery
 n - the amulet "Jor Meon" (around neck) {Reflect +Inv rElec Int+6 SH+4}
   (You bought it in a shop in the Dungeon)

   [amulet of reflection]

   It shields you and reflects attacks.
   It affects your intelligence (+6).
   It insulates you from electricity.
   It lets you turn invisible.
   It affects your SH (+4).
 o - the ring "Zaohatol" (right claw) {Fire +Inv rN+++ MR- Int+2}
   (You bought it in a shop in the Dungeon)

   [ring of fire]

   It enhances your fire magic.
   It affects your intelligence (+2).
   It protects you from fire.
   It makes you vulnerable to cold.
   It renders you almost immune to negative energy.
   It affects your resistance to hostile enchantments.
   It lets you turn invisible.
 p - the ring "Caoraegh" (left claw) {rC+ MR+}
   (You bought it in a shop in the Dungeon)

   [ring of protection from magic]

   It protects you from cold.
   It affects your resistance to hostile enchantments.
 s - the amulet of Mecoeth {+Rage Int+3 Dex-4 SInv}
   (You found it in the Dungeon)

   [amulet of rage]

   It affects your intelligence (+3).
   It affects your dexterity (-4).
   It lets you see invisible.
   It lets you go berserk.
Wands
 j - a wand of acid (5)
 k - a wand of iceblast (5)
 x - a wand of clouds (5)
Scrolls
 c - a scroll of identify
 i - 4 scrolls of blinking
 l - 3 scrolls of fog
Potions
 e - 5 potions of heal wounds
 f - 4 potions of haste
 g - 2 potions of magic
 h - a potion of berserk rage
 m - a potion of resistance
 z - 5 potions of curing
 A - 2 potions of experience


   Skills:
 + Level 11.3 Fighting
 * Level 17.2 Maces & Flails
 + Level 2.6 Throwing
 + Level 6.3 Armour
 + Level 11.2 Dodging
 + Level 1.3 Evocations


You had 10 spell levels left.
You didn't know any spells.

Dungeon Overview and Level Annotations

Branches:
Dungeon (1/1)

Altars:
Cheibriados
Dithmenos
Fedhas
Gozag
Kikubaaqudgha
Makhleb
Okawaru
Qazlal
Ru
Sif Muna
Trog
Uskayaw
Vehumet
Wu Jian
Xom
Yredelemnul
Zin
The Shining One
Beogh
Jiyva
Lugonu

Shops:
D *[%??*?*:[((!!!!


Innate Abilities, Weirdness & Mutations

You are too large for most types of armour.
You have claws for hands.
Your metabolism is lightning-fast.
You like to eat raw meat.
Your natural rate of healing is unusually fast.
You are covered in fur. (AC +1)
You have very tough skin. (AC +2)


Message History

The ghoul barely misses you.
You barely miss the ghoul.
The ghoul is almost destroyed.
You impale the ghoul!!
You destroy the ghoul!
Trog accepts your kill.
Your Fighting skill increases to level 11!
Your Maces & Flails skill increases to level 17!
You hammer the ghoul like a gong!!!
The ghoul is moderately damaged.
You closely miss the ghoul.
The ghoul is moderately damaged.
The ghoul claws you but does no damage. The ghoul claws you!!
* * * LOW HITPOINT WARNING * * *
You hit the ghoul.
The ghoul is moderately damaged.
The ghoul claws you!
* * * LOW HITPOINT WARNING * * *
The ghoul claws you!
You die...

###.........### #⌠.........n.⌠#
######.8.........8.######
##∩.__......###......_._∩##
###∩........8)# #.8........∩###
#.............###.....[.......##
⌠.≈........###...###..........⌠#
⌠≈≈........# #.<.# #..........⌠#
§≈≈........###..@###..........⌠#
#≈≈...........###n............##
###∩........8.# #.8........∩###
##∩___......###......___∩##
######.8.........8.######
#⌠...[.......)# ###.........###
#_..[...[_# #_......._#


You could see 2 ghouls.

Vanquished Creatures
  A merfolk avatar (D)
  A ghoul (D)
  2 orc knights (D)
  A black mamba (D)
  A rust devil (D)
  3 gargoyles (D)
  A komodo dragon (shapeshifter) (D)
  A queen bee (shapeshifter) (D)
  A troll (D)
  A wind drake (D)
  A hippogriff (shapeshifter) (D)
  A blink frog (shapeshifter) (D)
  A tarantella (shapeshifter) (D)
  5 fire elementals (D)
  5 fire bats (D)
  2 humans (shapeshifter) (D)
  5 floating eyes (D)
  2 orc warriors (D)
  A black bear (shapeshifter) (D)
  An eye of draining (D)
  3 earth elementals (D)
  A scorpion (D)
  2 jellies (D)
  2 orc priests (D)
  An orc wizard (D)
  2 adders (D)
  4 worms (D)
  2 giant cockroaches (D)
  A bat (D)
  A frilled lizard (D)
56 creatures vanquished.

Vanquished Creatures (collateral kills)
  A naga warrior (D)
  A sun demon (D)
  2 fire elementals (D)
4 creatures vanquished.

Grand Total: 60 creatures vanquished

Notes
Turn   | Place    | Note
-------+----------+-------------------------------------------
     0 | D        | doot the Troll Berserker began the quest for the Orb.
     0 | D        | Reached XP level 1. HP: 22/22 MP: 0/0
     1 | D        | Found a shimmering altar of Xom.
     1 | D        | Found a basalt altar of Yredelemnul.
     2 | D        | Found an ornate altar of the Wu Jian Council.
     2 | D        | Found a stormy altar of Qazlal.
     3 | D        | Found a bloodstained altar of Trog.
     4 | D        | Found Vohocapi's Delicious Food.
     4 | D        | Found a deep blue altar of Sif Muna.
     4 | D        | Found a radiant altar of Vehumet.
     4 | D        | Found Yhogo's Identification Station.
     5 | D        | Found Mecoxt's Jewellery.
     5 | D        | Found Plog's Advanced Armour.
     5 | D        | Round 1.
    13 | D        | Bought a translucent graven amulet for 45 gold pieces
    13 | D        | Bought a pitted jade ring for 45 gold pieces
    13 | D        | Bought a twitching pewter ring for 45 gold pieces
    13 | D        | Identified the amulet "Jor Meon" {Reflect +Inv rElec Int+6 SH+4} (You bought it in a shop in the Dungeon)
    14 | D        | Identified the ring "Caoraegh" {rC+ MR+} (You bought it in a shop in the Dungeon)
    15 | D        | Identified the ring "Zaohatol" {Fire +Inv rN+++ MR- Int+2} (You bought it in a shop in the Dungeon)
    19 | D        | Found a glowing golden altar of the Shining One.
    20 | D        | Found a sacrificial altar of Ru.
    21 | D        | Found a hide-covered altar of Uskayaw.
    22 | D        | Found Ogotum's Premium Goods.
    23 | D        | Found Gaepacs's Miscellaneous Merchandise.
    23 | D        | Found Huwenulus's Basic Armour.
    25 | D        | Found a corrupted altar of Lugonu.
    25 | D        | Found a snail-covered altar of Cheibriados.
    25 | D        | Found an iron altar of Okawaru.
    25 | D        | Found Foah's Weapon Rack.
    32 | D        | Found an opulent altar of Gozag.
    33 | D        | Found a roughly hewn altar of Beogh.
    34 | D        | Found a viscous altar of Jiyva.
    35 | D        | Found Soimm's Do-It-Yourself Clinic.
    36 | D        | Found Quqofyshai's Bottled Wisdom.
    36 | D        | Found Ylufomaehi's Distillery.
    36 | D        | Found a burning altar of Makhleb.
    36 | D        | Found a shadowy altar of Dithmenos.
    36 | D        | Found Kaepomad's Distillery.
    48 | D        | Reached skill level 3 in Maces & Flails
    48 | D        | Reached XP level 2. HP: 31/31 MP: 1/1
    50 | D        | Reached ** piety under Trog
    58 | D        | Found a blossoming altar of Fedhas.
    71 | D        | Reached skill level 4 in Maces & Flails
    93 | D        | Arena points: 12 (+12) [x2]
   117 | D        | Found a glowing silver altar of Zin.
   118 | D        | Found an ancient bone altar of Kikubaaqudgha.
   119 | D        | Found Xedghisk's Staff Store.
   119 | D        | Found Bapiq's Magic Scroll Shop.
   120 | D        | Found Padop's Must-Have Magic.
   120 | D        | Found Huotiod's Magic Scroll Shop.
   125 | D        | Round 2.
   157 | D        | Reached *** piety under Trog
   157 | D        | Reached XP level 3. HP: 26/37 MP: 2/2
   207 | D        | Noticed a scorpion
   215 | D        | Killed a scorpion
   215 | D        | Reached **** piety under Trog
   215 | D        | Arena points: 54 (+42) [x3]
   215 | D        | Reached skill level 5 in Maces & Flails
   215 | D        | Reached XP level 4. HP: 34/49 MP: 3/3
   262 | D        | Round 3.
   272 | D        | Noticed a fire bat
   283 | D        | Killed a fire bat
   283 | D        | Reached skill level 5 in Fighting
   283 | D        | Reached skill level 7 in Maces & Flails
   283 | D        | Reached XP level 5. HP: 41/57 MP: 4/4
   288 | D        | Noticed a fire elemental
   297 | D        | Killed a fire elemental
   297 | D        | Reached skill level 8 in Maces & Flails
   297 | D        | Reached XP level 6. HP: 28/67 MP: 5/5
   298 | D        | Noticed a fire bat
   316 | D        | HP: 2/100 [fire bat (4)]
   317 | D        | Killed a fire bat
   317 | D        | Reached ***** piety under Trog
   317 | D        | Reached skill level 9 in Maces & Flails
   327 | D        | Noticed a fire elemental
   333 | D        | Noticed a fire elemental
   336 | D        | Killed a fire elemental
   336 | D        | Reached skill level 10 in Maces & Flails
   336 | D        | Reached XP level 7. HP: 20/76 MP: 6/6
   342 | D        | Killed a fire elemental
   344 | D        | Noticed a fire elemental
   350 | D        | Killed a fire elemental
   350 | D        | Arena points: 138 (+84) [x4]
   360 | D        | Bought a +0 troll leather armour for 180 gold pieces
   385 | D        | Round 4.
   391 | D        | Noticed a gargoyle
   396 | D        | Noticed a gargoyle
   409 | D        | Killed a gargoyle
   409 | D        | Reached skill level 11 in Maces & Flails
   409 | D        | Reached XP level 8. HP: 79/87 MP: 7/7
   445 | D        | Killed a gargoyle
   445 | D        | Reached skill level 12 in Maces & Flails
   445 | D        | Reached skill level 1 in Armour
   464 | D        | Noticed a gargoyle
   468 | D        | Noticed a rust devil
   482 | D        | Killed a gargoyle
   490 | D        | Killed a rust devil
   490 | D        | Arena points: 298 (+160) [x5]
   490 | D        | Reached skill level 13 in Maces & Flails
   490 | D        | Reached XP level 9. HP: 32/96 MP: 8/8
   530 | D        | Round 5.
   531 | D        | Noticed a black mamba
   544 | D        | HP: 1/96 [black mamba (17)]
   545 | D        | Noticed a naga warlord
   546 | D        | Killed a black mamba
   553 | D        | Killed a naga warlord
   553 | D        | Arena points: 578 (+280) [x7]
   553 | D        | Reached skill level 14 in Maces & Flails
   554 | D        | Got a crude emerald amulet
   554 | D        | Got a serpentine rune of Zot
   750 | D        | Round 6.
   756 | D        | Noticed a sun demon
   800 | D        | Received a gift from Trog
   810 | D        | HP: 4/97 [sun demon (6)]
   814 | D        | Killed a sun demon
   814 | D        | Arena points: 962 (+384) [x8]
   814 | D        | Reached skill level 15 in Maces & Flails
   814 | D        | Reached skill level 10 in Dodging
   814 | D        | Reached XP level 10. HP: 9/107 MP: 9/9
   820 | D        | Reached skill level 1 in Throwing
   820 | D        | Reached skill level 1 in Evocations
   820 | D        | Reached XP level 11. HP: 15/115 MP: 3/11
   824 | D        | Identified the amulet of Mecoeth {+Rage Int+3 Dex-4 SInv} (You found it in the Dungeon)
   838 | D        | Bought 3 scrolls of identify for 150 gold pieces
   839 | D        | Bought a slimy cloak for 332 gold pieces
   839 | D        | Bought a distressingly furry hat for 315 gold pieces
   839 | D        | Identified the +0 cloak of the Thoughtful Souls {rPois Regen+ rCorr Slay-3} (You bought it in a shop in the Dungeon)
   840 | D        | Identified the +1 hat of the Gusle {Int+7 Slay-5 SInv} (You bought it in a shop in the Dungeon)
   845 | D        | Round 7.
   851 | D        | Paralysed by a floating eye for 2 turns
   874 | D        | Paralysed by a floating eye for 4 turns
   882 | D        | Reached skill level 5 in Armour
   884 | D        | Paralysed by a floating eye for 2 turns
   891 | D        | Reached ****** piety under Trog
   910 | D        | Received a gift from Trog
   910 | D        | Arena points: 1529 (+567) [x9]
   933 | D        | Bought a steaming cloak for 332 gold pieces
   938 | D        | Identified the +1 cloak of Untruth {Int+5} (You bought it in a shop in the Dungeon)
   959 | D        | Round 8.
   963 | D        | Noticed an orc knight
   977 | D        | Killed an orc knight
   983 | D        | Reached skill level 16 in Maces & Flails
   995 | D        | Noticed an orc knight
  1006 | D        | Killed an orc knight
  1006 | D        | Reached skill level 10 in Fighting
  1014 | D        | Received a gift from Trog
  1035 | D        | Arena points: 2249 (+720) [x10]
  1050 | D        | Round 9.
  1070 | D        | Bought a potion of curing for 21 gold pieces
  1088 | D        | Noticed an orb spider
  1138 | D        | Received a gift from Trog
  1168 | D        | Arena points: 3140 (+891) [x11]
  1183 | D        | Round 10.
  1186 | D        | Bought a potion of experience for 300 gold pieces
  1229 | D        | Noticed a dimme
  1243 | D        | Killed a dimme
  1243 | D        | Arena points: 4440 (+1300) [x13]
  1244 | D        | Got a barnacled rune of Zot
  1312 | D        | Bought 3 potions of heal wounds for 105 gold pieces
  1312 | D        | Bought 4 potions of curing for 84 gold pieces
  1412 | D        | Round 11.
  1462 | D        | Noticed a ghoul
  1464 | D        | Noticed a ghoul
  1485 | D        | Killed a ghoul
  1485 | D        | Reached skill level 17 in Maces & Flails
  1488 | D        | HP: 4/120 [ghoul (13)]
  1488 | D        | Slain by a ghoul

Skill      XL: |  1  2  3  4  5  6  7  8  9 10 11 |
---------------+----------------------------------+-----
Fighting       | 3 4 5 6 7 8 9 11 | 11.3
Maces & Flails | 3 4 5 7 8 10 11 13 15 17 | 17.2
Dodging        | 3 4 6 7 8 9 10 11 | 11.2
Armour         | 2 4 6 |  6.3
Throwing       | 1 2 |  2.6
Evocations     | 1 |  1.3

Action                   |  1- 3 |  4- 6 |  7- 9 | 10-12 || total
-------------------------+-------+-------+-------+-------++-------
Melee: Mace              |    74 |    25 |    78 |       ||   177
       Flail             |       |       |    54 |       ||    54
       Dire flail        |       |       |       |   117 ||   117
Throw: Javelin           |       |       |       |     4 ||     4
Invok: Berserk           |     2 |     1 |     1 |     2 ||     6
       Brothers in Arms  |       |       |     3 |     1 ||     4
  Use: Potion            |       |     1 |     2 |     1 ||     4
       Scroll            |       |       |       |     2 ||     2
  Eat: Chunk             |     2 |     3 |       |    15 ||    20
       Ration            |       |       |     1 |     1 ||     2
Armor: Animal skin       |    29 |    15 |     2 |       ||    46
       Troll leather arm |       |       |    24 |    23 ||    47
Dodge: Dodged            |    42 |    11 |    68 |    54 ||   175
Block: Other             |    20 |     4 |    13 |     9 ||    46
